 Dungeon Crawl Stone Soup version 0.20-a0-1122-gb7cbeb9 (webtiles) character file.

98 George the Slasher (level 4, -1/35 HPs)
             Began as a Demonspawn Fighter on May 11, 2017.
             Slain by a centaur (6 damage)
             ... on level 3 of the Dungeon.
             The game lasted 00:02:24 (1757 turns).

George the Slasher (Demonspawn Fighter)             Turns: 1757, Time: 00:02:25

Health: -1/35      AC: 10    Str: 17    XL:     4   Next: 43%
Magic:  4/4        EV:  7    Int:  9    God:
Gold:   61         SH:  8    Dex: 13    Spells: 3/3 levels left

rFire    . . .     SeeInvis .   a - +0 long sword
rCold    . . .     Gourm    .   c - +0 shield
rNeg     . . .     Faith    .   u - +0 chain mail (curse)
rPois    .         Spirit   .   (no helmet)
rElec    .         Reflect  .   (no cloak)
rCorr    .         Harm     .   n - +0 pair of gloves
MR       .....                  (no boots)
Stlth    ..........             (no amulet)
Regen    0.2/turn               e - +3 ring of evasion
MPRegen  0.1/turn               (no ring)

@: no status effects
A: nightstalker 1, rot immunity
a: no special abilities


You were on level 3 of the Dungeon.
You were not hungry.

You visited 1 branch of the dungeon, and saw 3 of its levels.

You collected 61 gold pieces.

Inventory:

Hand Weapons
 a - a +0 long sword (weapon)
Armour
 c - a +0 shield (worn)
 n - a +0 pair of gloves (worn)
 u - a cursed +0 chain mail (worn)
Jewellery
 e - a +3 ring of evasion (left hand)
Wands
 q - a wand of iceblast (6/15)
Scrolls
 i - a scroll of recharging {unknown}
 j - a scroll of teleportation {unknown}
 k - 2 scrolls of fear {unknown}
 m - a scroll of enchant weapon {unknown}
 o - a scroll of magic mapping {unknown}
 p - 2 scrolls of enchant armour {unknown}
 r - a scroll of amnesia {unknown}
 t - 2 scrolls of identify {unknown}
 v - 2 scrolls of remove curse {unknown}
 w - 2 scrolls of blinking {unknown}
Potions
 b - a potion of resistance {unknown}
 d - a potion of might
 h - a potion of mutation {unknown}
 l - a potion of heal wounds {unknown}
 s - a potion of brilliance {unknown}
 x - a potion of haste {unknown}
Comestibles
 f - a bread ration
 g - 3 meat rations
 z - 3 chunks of flesh


   Skills:
 - Level 3.0 Fighting
 + Level 4.3 Long Blades
 - Level 2.6 Armour
 - Level 2.6 Shields


You had 3 spell levels left.
You didn't know any spells.

Dungeon Overview and Level Annotations

Branches:
Dungeon (3/15)

Altars:
Cheibriados


Innate Abilities, Weirdness & Mutations

You are slightly more attuned to the shadows.
You are immune to rotting.


Message History

You hit the centaur but do no damage.
The centaur is heavily wounded.
The centaur hits you but does no damage.
You block the centaur's attack.
You hit the centaur but do no damage.
The centaur is heavily wounded.
The centaur barely misses you. The centaur completely misses you.
You riposte.
You hit the centaur but do no damage.
The centaur is heavily wounded.
You barely miss the centaur.
The centaur is heavily wounded.
The centaur hits you.
* * * LOW HITPOINT WARNING * * *
You block the centaur's attack.
You hit the centaur.
The centaur is severely wounded.
The centaur hits you.
* * * LOW HITPOINT WARNING * * *
The centaur hits you.
You die...

######### ........#
........# .#####..# .#
#..# .#
#..###############
.#####..............>.$
.............(((@c.....
............(###.#.#...
########.###.# #.# #
#.# #.# #.# #.# #.# #.#
#.. #.# #.# #.# #.# #.#
#.#


You could see a centaur.

Vanquished Creatures
  An orc wizard (D:3)
  A gnoll (D:1)
  An ooze (D:2)
  2 worms (D:2)
  2 dart slugs
  4 orcs (D:3)
  4 giant cockroaches
  2 goblins (D:1)
  2 hobgoblins
  2 jackals (D:1)
  4 bats
  4 frilled lizards
  9 kobolds
  8 rats
46 creatures vanquished.

Notes
Turn   | Place    | Note
-------+----------+-------------------------------------------
     0 | D:1      | George the Demonspawn Fighter began the quest for the Orb.
     0 | D:1      | Reached XP level 1. HP: 18/18 MP: 1/1
   110 | D:1      | Reached skill level 2 in Long Blades
   209 | D:1      | Gained mutation: You are slightly more attuned to the shadows. [demonic ancestry]
   209 | D:1      | Reached XP level 2. HP: 7/24 MP: 2/2
   633 | D:1      | Reached skill level 3 in Long Blades
   633 | D:1      | Reached XP level 3. HP: 12/29 MP: 3/3
  1139 | D:2      | Found a snail-covered altar of Cheibriados.
  1685 | D:3      | Gained mutation: You are immune to rotting. [demonic ancestry]
  1685 | D:3      | Reached XP level 4. HP: 34/35 MP: 4/4
  1688 | D:3      | Reached skill level 4 in Long Blades
  1745 | D:3      | Noticed a centaur
  1757 | D:3      | Slain by a centaur

Vault maps used:
D:1:      dpeg_arrival_radiant
D:2:      cheibrodos_old_hovel, kennysheep_slug_shrine
D:3:      nicolae_gozag_cash_rules_everything_around_me, first_bread,
          uniq_jessica

Skill      XL: |  1  2  3  4 |
---------------+-------------+-----
Long Blades    | 2 3 4 |  4.3
Fighting       | |  3.0
Armour         | |  2.6
Shields        | |  2.6

Action                   |  1- 3 |  4- 6 || total
-------------------------+-------+-------++-------
Melee: Long sword        |   150 |    22 ||   172
 Stab: Sleeping          |     1 |       ||     1
  Eat: Chunk             |     2 |     1 ||     3
Armor: Scale mail        |    43 |       ||    43
       Chain mail        |    29 |     8 ||    37
Dodge: Dodged            |    31 |     5 ||    36
Block: Shield            |    73 |    10 ||    83
       Rpst.: Long sword |    14 |     1 ||    15
